 Dungeon Crawl Stone Soup version 0.30-a0-802-gb92711bcdf (webtiles) character file.

Game seed: 16827317045506665924

105 dialectric the Slasher (level 4, -3/34 HPs)
             Began as a Demonspawn Gladiator on Feb 23, 2023.
             Slain by a lemure (5 damage)
             ... led by Pikel
             ... on level 3 of the Dungeon.
             The game lasted 00:02:41 (2472 turns).

dialectric the Slasher (Demonspawn Gladiator)       Turns: 2472, Time: 00:02:42

Health: -3/34      AC:  6    Str: 17    XL:     4   Next: 54%
Magic:  4/4        EV: 12    Int:  9    God:
Gold:   155        SH:  0    Dex: 14    Spells: 3/3 levels left

rFire   . . .      SeeInvis .    u - +4 rapier
rCold   + . .      Faith    .    (no shield)
rNeg    . . .      Spirit   .    t - +2 leather armour of Vikkuu Hoge {rC+}
rPois   .          Reflect  .    c - +0 helmet
rElec   .          Harm     .    (no cloak)
rCorr   .          Rampage  .    (no gloves)
Will    .....                    (no boots)
Stlth   +                        (no amulet)
HPRegen 0.25/turn                (no ring)
MPRegen 0.09/turn                (no ring)

@: brilliant
A: demonic guardian 1, demonic magic 1, weakness stinger 1
a: no special abilities


You were on level 3 of the Dungeon.
You visited 1 branch of the dungeon, and saw 4 of its levels.

You collected 155 gold pieces.

Inventory:

Hand Weapons
 a - a +0 long sword
 u - a +4 rapier (weapon)
 y - the +6 hand axe "Sunen" {antimagic, rC+ Stlth+}
   (You found it on level 3 of the Dungeon)

   rC:        It protects you from cold.
   Stlth:     It makes you more stealthy.
Missiles
 d - 3 throwing nets (quivered)
 e - a javelin
Armour
 b - a +0 leather armour
 c - a +0 helmet (worn)
 t - the +2 leather armour of Vikkuu Hoge (worn) {rC+}
   (You found it on level 2 of the Dungeon)

   rC:        It protects you from cold.
Jewellery
 g - an amulet of the acrobat
 q - a ring of protection from fire
 A - a +6 ring of strength
Scrolls
 i - 2 scrolls of butterflies {unknown}
 j - 3 scrolls of teleportation {unknown}
 k - 7 scrolls of identify {unknown}
 l - a scroll of fear {unknown}
 m - a scroll of enchant weapon {unknown}
 p - 4 scrolls of enchant armour {unknown}
 s - a scroll of magic mapping {unknown}
 x - a scroll of noise {unknown}
 B - a scroll of fog {unknown}
Potions
 f - a potion of heal wounds {unknown}
 h - a potion of attraction {unknown}
 n - a potion of mutation {unknown}
 o - 2 potions of brilliance
 r - 3 potions of curing
 v - a potion of flight {unknown}
 w - 2 potions of haste
 z - a potion of lignification {unknown}


   Skills:
 + Level 2.3 Fighting
 + Level 1.1(2.5) Short Blades
 * Level 3.6(3.7) Long Blades
 - Level 2.0 Throwing
 * Level 1.5 Armour
 - Level 3.0 Dodging


You had 3 spell levels left.
You didn't know any spells.
Your spell library was empty.

Dungeon Overview and Level Annotations

Branches:
Dungeon (4/15)
 Temple: D:4-7

Altars:

Annotations:
D:4 Pikel


Innate Abilities, Weirdness & Mutations

A weak demonic guardian rushes to your aid.
Spells you cast may paralyse adjacent enemies.
You have a small tail.


Message History

The lemure barely misses you. x2
You barely miss the lemure.
The lemure is heavily wounded.
The lemure closely misses you. The lemure barely misses you.
You hit the lemure.
Your tail-slap misses the lemure.
The lemure is heavily wounded.
The lemure closely misses you. The lemure hits you.
You hit the lemure but do no damage.
The lemure is heavily wounded.
The lemure hits you but does no damage. The lemure closely misses you.
You hit the lemure.
The lemure is severely wounded.
The lemure hits you!
* * * LOW HITPOINT WARNING * * *
The lemure barely misses you.
You hit the lemure.
The lemure is severely wounded.
The lemure hits you!
* * * LOW HITPOINT WARNING * * *
A demonic guardian appears!
The lemure closely misses you.
You closely miss the lemure.
The lemure is severely wounded.
The lemure hits you but does no damage. The lemure misses you.
Your white imp hits the lemure but does no damage.
Unknown command.
It was a potion of brilliance.
You feel clever all of a sudden. The lemure closely misses you.
The lemure hits you but does no damage.
Your white imp closely misses the lemure.
It was a potion of curing.
You feel better. The lemure hits you.
* * * LOW HITPOINT WARNING * * *
The lemure hits you but does no damage.
Your white imp completely misses the lemure.
You hit the lemure.
You tail-slap the lemure, but do no damage.
The lemure is almost dead.
The lemure hits you!
* * * LOW HITPOINT WARNING * * *
The lemure hits you.
You die...

#.###.#.## #.# #
#.##.###.#######.#######
#.#.##.................#
#.##.#.#.#######.#####.#
#.###...## #.#####.. #.#
##.## #...<#### #.#
#...# ####.# # #.# #.#5#
###.#### #.###.#@####
#.....## #.....#55..#
####.###.##
#..#######.###....# #...
#.....#.........#.###.##
#.###.#.###.....#.....##
#.###.#.###.......<.....
#)..................####
#####.#####.....#####
#.# #.#.###


You could see 2 lemures and a friendly white imp (summoned).

Vanquished Creatures
  Terence (D:3)
  2 adders (D:2)
  5 dart slugs
  An orc (D:3)
  2 bats (D:3)
  6 endoplasms
  A giant cockroach (D:3)
  7 goblins
  7 hobgoblins
  4 kobolds
  3 ball pythons
  7 frilled lizards
  5 rats
51 creatures vanquished.

Vanquished Creatures (others)
  A plant (D:3)
1 creature vanquished.

Grand Total: 52 creatures vanquished

Notes
Turn   | Place    | Note
-------+----------+-------------------------------------------
     0 | D:1      | dialectric the Demonspawn Gladiator began the quest for the
                  | Orb.
     0 | D:1      | Reached XP level 1. HP: 16/16 MP: 1/1
   375 | D:1      | Gained mutation: You have a small tail. [demonic ancestry]
   375 | D:1      | Reached XP level 2. HP: 22/22 MP: 2/2
  1191 | D:2      | Gained mutation: A weak demonic guardian rushes to your
                  | aid. [demonic ancestry]
  1191 | D:2      | Reached XP level 3. HP: 27/27 MP: 3/3
  1370 | D:2      | Identified the +2 leather armour of Vikkuu Hoge {rC+}
  1761 | D:3      | Noticed Terence
  1780 | D:3      | Killed Terence
  1781 | D:3      | Reached skill level 1 in Armour
  1781 | D:3      | Gained mutation: Spells you cast may paralyse adjacent
                  | enemies. [demonic ancestry]
  1781 | D:3      | Reached XP level 4. HP: 18/33 MP: 4/4
  1850 | D:3      | Identified the +6 hand axe "Sunen" {antimagic, rC+ Stlth+}
  2089 | D:3      | Reached skill level 1 in Short Blades
  2453 | D:4      | Noticed a lemure
  2453 | D:4      | Noticed a lemure
  2454 | D:4      | Noticed Pikel
  2454 | D:4      | Noticed a lemure
  2454 | D:4      | Noticed a lemure
  2472 | D:3      | Slain by a lemure

Illustrated notes

Levels and vault maps discovered:
D:1:      dpeg_arrival_court, layout_basic, st_stairs_10
D:2:      layout_loops_ring, minmay_misc_feat_diagonals
D:3:      layout_loops_ring, guppyfry_early_lair_pool, uniq_terence
D:4:      cheibrodos_pilgrimage, layout_loops_cross,
          minmay_temple_entry_offerings, serial_shops, kennysheep_little_box,
          serial_demonic, serial_demonic_e, serial_demonic_e, serial_demonic_f,
          serial_demonic_d, uniq_crazy_yiuf_cottage, uniq_pikel

Skill      XL: |  1  2  3  4 |
---------------+-------------+-----
Dodging        | 3 |  3.0
Long Blades    | 3 |  3.6
Armour         | 1 |  1.5
Short Blades   | 1 |  1.1
Throwing       | 2 |  2.0
Fighting       | |  2.3

Action                     |  1- 3 |  4- 6 || total
---------------------------+-------+-------++-------
  Melee: Long sword        |    76 |       ||    76
         Tailslap          |     9 |     6 ||    15
         Punch             |     2 |       ||     2
         Rapier            |    23 |    50 ||    73
    Use: Scroll            |       |     2 ||     2
         Potion            |       |     2 ||     2
 Armour: Leather armour    |    16 |    14 ||    30
  Dodge: Dodged            |    58 |    39 ||    97

Table legend: (Time is in decaauts)
 A = Elapsed time spent in this place.
 B = Non-inter-level travel time spent in this place.
 C = Inter-level travel time spent in this place.
 D = Time resting spent in this place.
 E = Time spent auto-exploring this place.
 F = Levels seen in this place.
 G = Mean time per level.
                   A        B        C        D        E       F      G
               +--------+--------+--------+--------+--------+-----+--------+
         Total |   2501 |   2446 |     55 |      0 |   1969 |   4 |  625.2 |
       Dungeon |   2501 |   2446 |     55 |      0 |   1969 |   4 |  625.2 |
               +--------+--------+--------+--------+--------+-----+--------+

Top non-repeatable levels by time:
     D:1: 1064 daAuts
     D:3: 750 daAuts
     D:2: 681 daAuts
     D:4: 6 daAuts
